 Dungeon Sprint DCSS version 0.30-a0-953-g5f1da4a474 (webtiles) character file.

Game seed: 7394057086867790945

3651 dialectric the Ninja (level 9, -3/47 HPs)
             Began as a Spriggan Brigand on Mar 28, 2023.
             Was a Priest of Trog.
             Slain by a neqoxec (11 damage)
             ... in the Dungeon (Sprint II: "The Violet Keep of Menkaure").
             The game lasted 00:03:49 (337 turns).

dialectric the Ninja (Spriggan Brigand)              Turns: 337, Time: 00:03:49

Health: -3/47      AC:  2    Str:  7      XL:     9   Next: 88%
Magic:  10/10      EV: 18    Int:  2 (11) God:    Trog [***...]
Gold:   895        SH:  0    Dex: 18 (20) Spells: 8/8 levels left

rFire   . . .      SeeInvis +    a - +2 dagger
rCold   . . .      Faith    .    (no shield)
rNeg    . . .      Spirit   .    b - +0 robe
rPois   .          Reflect  .    (helmet restricted)
rElec   .          Rampage  .    c - +0 cloak
rCorr   .          NoTele   +    (gloves unavailable)
Will    +....                    (boots unavailable)
Stlth   +++++                    (no amulet)
HPRegen 0.27/turn                (no ring)
MPRegen 0.12/turn                (no ring)

@: on berserk cooldown, slowed, unable to drink, very slow
A: very small, no large weapons, unfitting armour, see invisible, speed 3,
deformed body, deterioration 2, dopey 1, subdued magic 1, inability to drink
after injury 1
a: Renounce Religion, Berserk, Trog's Hand


You were in the Dungeon.
You worshipped Trog.
Trog was most pleased with you.
You visited 1 branch You collected 980 gold pieces.
You spent 85 gold pieces at shops.

Inventory:

Hand Weapons
 a - a +2 dagger (weapon)
Missiles
 d - 8 poisoned darts (quivered)
 e - 3 curare-tipped darts
Armour
 b - a +0 robe (worn)
 c - a +0 cloak (worn)
Wands
 j - a wand of iceblast (11)
Scrolls
 g - a scroll of fog
 k - a scroll of blinking
Potions
 f - 2 potions of curing
 h - 2 potions of haste
 i - 2 potions of magic


   Skills:
 + Level 5.5 Fighting
 * Level 13.0 Short Blades
 - Level 3.3 Throwing
 + Level 3.1 Dodging
 O Level 27 Stealth


You had 8 spell levels left.
You didn't know any spells.
Your spell library was empty.

Dungeon Overview and Level Annotations

Branches:
Dungeon (1/1)

Altars:
Cheibriados
Dithmenos
Elyvilon
Fedhas
Gozag
Hepliaklqana
Kikubaaqudgha
Makhleb
Nemelex Xobeh
Okawaru
Qazlal
Ru
Sif Muna
Trog
Uskayaw
Vehumet
Wu Jian
Xom
Yredelemnul
Zin
The Shining One
Jiyva
Lugonu

Shops:
D ::!!*[:(==([[?!

Annotations:
D exclusions: obsidian statue and oklob plant


Innate Abilities, Weirdness & Mutations

You are very small and have problems with some larger weapons.
You are too small for most types of armour.
You have supernaturally acute eyesight. (SInv)
You cover ground extremely quickly. (Speed+++)
Armour fits poorly on your strangely shaped body.
Your body often deteriorates upon taking damage.
You are dopey. (Int -2)
Your spells are a little easier to cast, but a little less powerful.
You occasionally lose the ability to drink potions when taking damage.


Message History

You feel dopey. Something feeds on your intellect!
You hit the neqoxec.
The neqoxec is lightly wounded.
The neqoxec hits you.
Your body deteriorates!
You feel clumsy. The neqoxec closely misses you.
You hit the neqoxec but do no damage.
The neqoxec is lightly wounded.
Your unstable footing causes you to fumble your attack.
The neqoxec hits you but does no damage.
The neqoxec hits you!
You hit the neqoxec.
The neqoxec is lightly wounded.
The neqoxec completely misses you. x2
You hit the neqoxec but do no damage.
The neqoxec is lightly wounded.
The neqoxec misses you.
The neqoxec hits you but does no damage.
Unknown command.
You fail to use your ability.
The neqoxec hits you.
* * * LOW HITPOINT WARNING * * *
The neqoxec gestures at you.
Strange energies course through your body.
You feel your body start to fall apart.
Unknown command.
Unknown command.
You fail to use your ability.
The neqoxec completely misses you. The neqoxec hits you.
* * * LOW HITPOINT WARNING * * *
The neqoxec gestures at you.
Strange energies course through your body.
Your connection to magic feels subdued.
The neqoxec closely misses you.
Unknown command.
Your ogre goes berserk!
You can no longer call in reinforcements.
The neqoxec hits you!
You feel threatened and lose the ability to drink potions!
You die...

# ## ≈≈≈≈≈ e≈..
############~~#§§§#+++#####.
###########~~~§§§......#..'.
##.....∩.∩#~~~§§##'##..#..##
##....∩.∩.#~~~~##.#.##.####.
##...∩.∩..#~~~~#†###.#....#†
##..∩.∩...#~~####.#.####..##
##.⌠.∩....#~##.###'###.##..#
##..∩.∩...#@#.#(##.##...#..#
##...∩.∩..3O3$##'.<.†##.'..#
##....∩...#~#..###.##...#...
#▓▓▓▓▓▓▓###~##.###'###.##§..
##$YG######~~####...####~~§.
#[GY#H ##~~~#.)#..#~~~§§~
#∩PG+H #'#~##...##~~~§§§
#:.$#!# #.#~~##'##~~§§§≈§
#$.. ## ####~~~~~~~~~~≈§≈


You could see a shining eye, a yak, 2 neqoxecs and a friendly ogre (summoned,
berserk).

Vanquished Creatures
  A fire dragon (D)
  A merfolk siren (D)
  A yaktaur (D)
  3 polar bears (D)
  A blink frog (D)
  A hornet (D)
  2 wyverns (D)
  A neqoxec (D)
  Menkaure (D)
  3 water moccasins (D)
  3 black bears (D)
  4 necrophages (D)
22 creatures vanquished.

Vanquished Creatures (others)
  9 tentacles (D)
9 creatures vanquished.

Grand Total: 31 creatures vanquished

Notes
Turn   | Place    | Note
-------+----------+-------------------------------------------
     0 | D        | dialectric the Spriggan Brigand began the quest for the
                  | Orb.
     0 | D        | Reached XP level 1. HP: 10/10 MP: 2/2
     1 | D        | Noticed a necrophage
     1 | D        | Noticed a necrophage
     1 | D        | Noticed a necrophage
     1 | D        | Noticed a necrophage
     8 | D        | Killed a necrophage
     9 | D        | Reached skill level 11 in Stealth
     9 | D        | Reached XP level 2. HP: 16/16 MP: 3/3
     9 | D        | Reached XP level 3. HP: 19/19 MP: 4/4
    13 | D        | Killed a necrophage
    14 | D        | Reached skill level 13 in Stealth
    14 | D        | Reached XP level 4. HP: 23/23 MP: 5/5
    16 | D        | Killed a necrophage
    17 | D        | Reached skill level 5 in Short Blades
    17 | D        | Reached skill level 15 in Stealth
    17 | D        | Reached XP level 5. HP: 28/28 MP: 6/6
    24 | D        | Reached skill level 16 in Stealth
    44 | D        | Noticed a wyvern
    44 | D        | Noticed a wyvern
    47 | D        | Killed a wyvern
    48 | D        | Reached skill level 18 in Stealth
    48 | D        | Reached XP level 6. HP: 33/33 MP: 7/7
    53 | D        | Killed a wyvern
    54 | D        | Reached skill level 19 in Stealth
    54 | D        | Reached XP level 7. HP: 37/37 MP: 8/8
    55 | D        | Noticed Menkaure
    56 | D        | Found Coag Umukk's Distillery.
    57 | D        | Killed Menkaure
    58 | D        | Reached skill level 20 in Stealth
    67 | D        | Noticed a neqoxec
    87 | D        | Found a blossoming altar of Fedhas.
    88 | D        | Found a white marble altar of Elyvilon.
    89 | D        | Found a shadowy altar of Dithmenos.
    89 | D        | Found a corrupted altar of Lugonu.
    89 | D        | Found an opulent altar of Gozag.
    89 | D        | Found a burning altar of Makhleb.
    90 | D        | Found a snail-covered altar of Cheibriados.
    90 | D        | Found an ancient bone altar of Kikubaaqudgha.
    90 | D        | Found a bloodstained altar of Trog.
    91 | D        | Found a viscous altar of Jiyva.
    91 | D        | Found a shimmering blue altar of Sif Muna.
    92 | D        | Found a hazy altar of Hepliaklqana.
    92 | D        | Found a sacrificial altar of Ru.
    93 | D        | Found a shimmering altar of Xom.
    94 | D        | Found a stormy altar of Qazlal.
    94 | D        | Found an ornate altar of the Wu Jian Council.
    94 | D        | Found a sparkling altar of Nemelex Xobeh.
    94 | D        | Found a hide-covered altar of Uskayaw.
    94 | D        | Found a basalt altar of Yredelemnul.
    94 | D        | Found a glowing golden altar of the Shining One.
    95 | D        | Found a radiant altar of Vehumet.
    95 | D        | Found an iron altar of Okawaru.
    95 | D        | Found a glowing silver altar of Zin.
   101 | D        | Became a worshipper of Trog the Wrathful
   116 | D        | Reached skill level 21 in Stealth
   117 | D        | Reached * piety under Trog
   127 | D        | Reached XP level 8. HP: 42/42 MP: 9/9
   129 | D        | Reached skill level 22 in Stealth
   129 | D        | Reached ** piety under Trog
   134 | D        | Noticed a deep elf master archer
   137 | D        | Noticed a fire dragon
   140 | D        | Killed a fire dragon
   141 | D        | Reached skill level 10 in Short Blades
   141 | D        | Reached skill level 24 in Stealth
   159 | D        | Noticed a yaktaur
   159 | D        | Noticed a hornet
   159 | D        | Noticed a polar bear
   160 | D        | Noticed a polar bear
   160 | D        | Noticed a polar bear
   161 | D        | Killed a polar bear
   162 | D        | Reached skill level 5 in Fighting
   162 | D        | Reached XP level 9. HP: 47/47 MP: 10/10
   162 | D        | Killed a polar bear
   163 | D        | Reached skill level 25 in Stealth
   164 | D        | Reached *** piety under Trog
   165 | D        | Killed a polar bear
   166 | D        | Reached skill level 26 in Stealth
   167 | D        | Killed a yaktaur
   177 | D        | Noticed a kraken
   193 | D        | HP: 1/47 [tentacle[a kraken] (7)]
   222 | D        | Noticed a merfolk siren
   225 | D        | Killed a merfolk siren
   225 | D        | Reached **** piety under Trog
   226 | D        | Reached skill level 27 in Stealth
   230 | D        | Noticed an obsidian statue
   235 | D        | Found Esonil's Antique Armour Shoppe.
   236 | D        | Found Jojafuerph's Jewellery Shoppe.
   236 | D        | Found Ginu Okh's Jewellery Emporium.
   236 | D        | Found Qosidghumoi's Antique Weapon Shoppe.
   243 | D        | Found Matomma's Antique Armour Emporium.
   243 | D        | Found Guus's Assorted Antiques.
   244 | D        | Found Nonne's Distillery.
   244 | D        | Found Divizy's Book Emporium.
   244 | D        | Found Ypaq's Antique Armour Shoppe.
   244 | D        | Found Tomoi's Distillery.
   245 | D        | Found Yfosax's Magic Scroll Shoppe.
   245 | D        | Found Imel's Book Emporium.
   246 | D        | Found Juehafru's Antique Weapon Emporium.
   248 | D        | Noticed an oklob plant
   249 | D        | Found Nemuc's Book Shoppe.
   250 | D        | Noticed a shining eye
   250 | D        | Noticed a shining eye
   251 | D        | Noticed a shining eye
   257 | D        | Noticed a manticore
   257 | D        | Noticed a manticore
   299 | D        | Bought a scroll of fog for 52 gold pieces
   300 | D        | Bought a potion of curing for 33 gold pieces
   322 | D        | Gained mutation: Armour fits poorly on your strangely
                  | shaped body. [a neqoxec]
   322 | D        | Gained mutation: Your body sometimes deteriorates upon
                  | taking damage. [a neqoxec]
   325 | D        | Gained mutation: You are dopey. (Int -2) [a neqoxec]
   328 | D        | Gained mutation: You occasionally lose the ability to drink
                  | potions when taking damage. [a neqoxec]
   335 | D        | Gained mutation: Your body often deteriorates upon taking
                  | damage. [a neqoxec]
   336 | D        | Gained mutation: Your spells are a little easier to cast,
                  | but a little less powerful. [a neqoxec]
   337 | D        | Slain by a neqoxec

Illustrated notes

Levels and vault maps discovered:
D:        the_violet_keep_of_menkaure [sprint2_stairs_cluster_1,
          sprint2_shoproom, sprint2_temple, sprint2_basic_supplies,
          sprint2_obstacle_3, sprint2_obstacle_2, sprint2_obstacle_7,
          sprint2_obstacle_1, sprint2_obstacle_4, sprint2_timed_cluster_1,
          sprint2_smallroom_cluster_1, sprint2_smallroom_final_cluster_1,
          sprint2_transparent_cluster_1, sprint2_second_timed_cluster_1,
          sprint2_sniper_area_1, sprint2_heavy_combat_area_1,
          sprint2_mutation_trap_area_1, sprint2_forest_area_1,
          sprint2_light_combat_area_1, sprint2_behind_water_1,
          sprint2_near_end_vault_1]

Skill      XL: |  1  2  3  4  5  6  7  8  9 |
---------------+----------------------------+-----
Fighting       | 2 3 4 5 |  5.5
Short Blades   | 3 4 5 7 9 11 13 | 13.0
Stealth        | 11 13 15 18 19 21 24 27 | 27.0
Throwing       | 3 |  3.3
Dodging        | 2 3 |  3.1

Action                     |  1- 3 |  4- 6 |  7- 9 || total
---------------------------+-------+-------+-------++-------
  Melee: Dagger            |    11 |    11 |    28 ||    50
  Throw: Dart              |       |       |     1 ||     1
 Invoke: Berserk           |       |       |     1 ||     1
         Brothers in Arms  |       |       |     1 ||     1
    Use: Potion            |     1 |       |     1 ||     2
   Stab: Sleeping          |       |     2 |    15 ||    17
 Armour: Robe              |       |       |     2 ||     2
  Dodge: Dodged            |     3 |     2 |    10 ||    15

Table legend: (Time is in decaauts)
 A = Elapsed time spent in this place.
 B = Non-inter-level travel time spent in this place.
 C = Inter-level travel time spent in this place.
 D = Time resting spent in this place.
 E = Time spent auto-exploring this place.
 F = Levels seen in this place.
 G = Mean time per level.
                   A        B        C        D        E       F      G
               +--------+--------+--------+--------+--------+-----+--------+
         Total |    275 |    275 |      0 |     27 |     50 |   1 |  275.0 |
       Dungeon |    275 |    275 |      0 |     27 |     50 |   1 |  275.0 |
               +--------+--------+--------+--------+--------+-----+--------+

Top non-repeatable levels by time:
       D: 275 daAuts
